cohdb
Replays
Latest Replays
All Replays
Popular Replays
Top Player Replays
Match Explorer
How It Works
Community
CoH3 Stats
Reddit
Sign in to upload your games and track your stats! →
Sign in with Steam
Match 42643357
Unlisted
Match 42643357
Overview
Messages
Build Orders
End
Royal Engineer Section
Construct Section Command Post
Selects Canadian Shock Battlegroup
Selects Canadian Shock Battlegroup
Dingo Light Scout Car
Infantry Section
Infantry Section
Selects Attacking Spirit
Construct Platoon Command Post
Selects Canadian Shock Section
Selects Incendiary Munitions
Infantry Section
6-pounder Anti-tank Gun Team
Humber Armored Car
Infantry Training
Unlock Bishop Self-propelled Artillery
Selects Pyrotechnics
Grenade Package
Vickers Machine Gun Team
6-pounder Anti-tank Gun Team
Construct Company Command Post
Matilda II Heavy Tank
Foot Guards Section
Selects Churchill Crocodile Heavy Tank
.
KevinTDW
(KCC)MGfirst
Septimum
0
0
Comments
sign in to comment!
No comments posted yet!